 Dungeon Crawl Stone Soup version 0.29-a0-416-g83a48905f1 (webtiles) character file.

Game seed: 12180047891938617384

46 iguanaiguana the Sneak (level 3, -1/18 HPs)
             Began as a Vine Stalker Brigand on May 16, 2022.
             Succumbed to a kobold's poison
             ... on level 2 of the Dungeon.
             The game lasted 00:02:27 (1164 turns).

iguanaiguana the Sneak (Vine Stalker Brigand)       Turns: 1164, Time: 00:02:27

Health: -1/18      AC:  6    Str: 13    XL:     3   Next: 66%
Magic:  3/4        EV: 10    Int: 11    God:
Gold:   60         SH:  0    Dex: 17    Spells: 2/2 levels left

rFire   . . .      SeeInvis .   a - +2 dagger
rCold   + . .      Faith    .   (no shield)
rNeg    . . .      Spirit   +   j - +0 ring mail
rPois   .          Reflect  .   (no helmet)
rElec   .          Harm     .   c - +0 cloak
rCorr   .          Rampage  .   (no gloves)
Will    .....                   (no boots)
Stlth   ++........              (no amulet)
HPRegen 0.06/turn               (no ring)
MPRegen 0.09/turn               (no ring)

@: lethally poisoned (-1 -> -25), hasted, very quick
A: fangs 2, magic shield, antimagic bite, no potion heal 2, cold resistance 1,
MP-powered wands, devolution 1
a: no special abilities


You were on level 2 of the Dungeon.
You visited 1 branch of the dungeon, and saw 2 of its levels.

You collected 60 gold pieces.

Inventory:

Hand Weapons
 a - a +2 dagger (weapon)
Missiles
 d - 9 poisoned darts (quivered)
 e - 3 curare-tipped darts
Armour
 c - a +0 cloak (worn)
 j - a +0 ring mail (worn)
Scrolls
 b - a scroll of enchant armour {unknown}
 i - a scroll of silence {unknown}
 m - a scroll of teleportation {unknown}
 n - a scroll of identify {unknown}
 o - a scroll of noise {unknown}
 p - a scroll of fear {unknown}
Potions
 f - a potion of mutation
 h - a potion of might {unknown}
 k - a potion of heal wounds {unknown}
 l - a potion of brilliance {unknown}


   Skills:
 - Level 1.7 Fighting
 + Level 3.5 Short Blades
 - Level 1.7 Throwing
 - Level 0.7 Dodging
 - Level 4.8 Stealth


You had 2 spell levels left.
You didn't know any spells.
Your spell library was empty.

Dungeon Overview and Level Annotations

Branches:
Dungeon (2/15)

Altars:


Innate Abilities, Weirdness & Mutations

You have extremely sharp teeth.
When hurt, damage is shared between your health and your magic reserves.
Your bite disrupts and absorbs the magic of your enemies.
Potions cannot restore your health.
Your flesh is cold resistant. (rC+)
You expend magic power (3 MP) to strengthen your wands.
You have hidden genetic defects.


Message History

No target in view!
A ball python comes into view.
A ball python is nearby!
The ball python barely misses you. The ball python grabs you.
The ball python constricts you.
You closely miss the ball python. You bite the ball python.
You kill the ball python!
No target in view!
A giant cockroach comes into view.
A giant cockroach is nearby!
Found a stone staircase leading down.
You completely miss the giant cockroach.
Your bite misses the giant cockroach. The giant cockroach barely misses you.
You hit the giant cockroach. You bite the giant cockroach.
You kill the giant cockroach!
No target in view!
A kobold comes into view.
It is wielding a +1 short sword of venom and quivering poisoned darts.
The kobold moves out of view.
You see here a ball python corpse.
Found 12 gold pieces.
The kobold shouts!
The kobold throws a poisoned dart.
The poisoned dart hits you!
You are poisoned.
You feel very sick.
The kobold hits you with a +1 short sword of venom.
You are lethally poisoned!
You barely miss the kobold.
* * * LOW HITPOINT WARNING * * *
You feel very sick.
It was a potion of mutation.
You feel extremely strange.
You feel your magical essence link to the dungeon's wands.
You feel resistant to cold.
You feel a hidden malignance growing inside you.
* * * LOW HITPOINT WARNING * * *
You feel very sick.
The kobold hits you with a +1 short sword of venom.
* * * LOW HITPOINT WARNING * * *
You are more poisoned.
It was a potion of haste.
You feel yourself speed up.
You die...

..# #. ... #. ♣. #.# #.
.# #.# # #. .# #.#
.##.##.#### .# #.#
.........!##.#####.###.#
###.........>...........
.......@....# #.#####.#
...###K.###.# #.#####.#
..##..###†## #........
......†....###.#####..
...#..#.###.##.# #..
...$##..## ##.#.# ###
... #.# ##..# . ### #.#
#..# .# # #.... . .


You could see a kobold.

Vanquished Creatures
  An adder (D:2)
  2 worms (D:2)
  5 ball pythons
  2 bats
  2 endoplasms
  4 giant cockroaches
  3 goblins
  2 hobgoblins (D:1)
  4 kobolds
  A frilled lizard (D:1)
  3 rats (D:1)
29 creatures vanquished.

Vanquished Creatures (others)
  3 plants (D:2)
3 creatures vanquished.

Grand Total: 32 creatures vanquished

Notes
Turn   | Place    | Note
-------+----------+-------------------------------------------
     0 | D:1      | iguanaiguana the Vine Stalker Brigand began the quest for
                  | the Orb.
     0 | D:1      | Reached XP level 1. HP: 11/11 MP: 2/2
   183 | D:1      | Reached XP level 2. HP: 11/15 MP: 3/3
   886 | D:2      | Reached XP level 3. HP: 18/18 MP: 4/4
  1163 | D:2      | Gained mutation: You expend magic power (3 MP) to
                  | strengthen your wands. [potion of mutation]
  1163 | D:2      | Gained mutation: Your flesh is cold resistant. (rC+)
                  | [potion of mutation]
  1163 | D:2      | Gained mutation: You have hidden genetic defects. [potion
                  | of mutation]
  1164 | D:2      | Succumbed to a kobold's poison

Illustrated notes

Levels and vault maps discovered:
D:1:      dpeg_arrival_pits, layout_loops_ring, minmay_misc_feat_hallway,
          dk_noncrumbling_3
D:2:      layout_loops_ring, basic_altar, serial_forest,
          infiniplex_forest_clump_curved, infiniplex_forest_clump_double,
          infiniplex_forest_straight_4, infiniplex_forest_3_way,
          infiniplex_forest_straight_2, infiniplex_forest_lined_3

Skill      XL: |  1  2 |
---------------+-------+-----
Short Blades   | 2 3 |  3.5
Fighting       | |  1.7
Throwing       | |  1.7
Dodging        | |  0.7
Stealth        | |  4.8

Action                   || total
-------------------------++-------
Melee: Dagger            ||    49
       Bite              ||    13
  Use: Potion            ||     2
 Stab: Sleeping          ||    10
Armor: Robe              ||     3
       Ring mail         ||     1
Dodge: Dodged            ||    17

Table legend: (Time is in decaauts)
 A = Elapsed time spent in this place.
 B = Non-inter-level travel time spent in this place.
 C = Inter-level travel time spent in this place.
 D = Time resting spent in this place.
 E = Time spent auto-exploring this place.
 F = Levels seen in this place.
 G = Mean time per level.
                   A        B        C        D        E       F      G
               +--------+--------+--------+--------+--------+-----+--------+
         Total |   1157 |   1140 |     17 |     78 |    848 |   2 |  578.5 |
       Dungeon |   1157 |   1140 |     17 |     78 |    848 |   2 |  578.5 |
               +--------+--------+--------+--------+--------+-----+--------+

Top non-repeatable levels by time:
     D:1: 870 daAuts
     D:2: 286 daAuts
